AoeStats
← seanlin

Arena

509653467Analyzed
4v4 RM · 4d ago on Sep 27, 2026· 60m 46s· 8 players
Game mode
Random Map
Map size
Large (8 player)
Population
200
Speed
Normal
Resources
Standard
Victory
Conquest
Starting age
Dark Age
Ending age
Imperial Age
RankedLock teamsTeams togetherTeam positionsShared explorationLock speedFull tech treeHidden civsTurbo modeCheats
Victory
Defeat
🇭🇰 Franks · Hong Kong SAR China
957
+15
🇨🇳 Goths · China
955
+15
🇻🇳 Gurjaras · Vietnam
950
+15
🇹🇼 Celts · Taiwan
903
+16
🇹🇼 Vietnamese · Taiwan
978
-17
923
-15
🇹🇼 Teutons · Taiwan
919
-39
🇹🇼 Franks · Taiwan
893
-14
brandon102372
11:11 Feudal Age
15:27 Castle Age
14:29 Double-Bit Axe
14:25 Horse Collar
15:15 Gold Mining
17:13 Crossbowman
21:17 Fletching
24:07 Bow Saw
29:31 Wheelbarrow
28:58 Heavy Plow
30:49 Hand Cart
34:53 Imperial Age
32:55 Thumb Ring
32:47 Bodkin Arrow
34:16 Husbandry
34:26 Bloodlines
36:20 Paper Money
37:34 Bracer
37:23 Elite Rattan Archer
41:41 Chemistry
41:23 Pikeman
42:04 Squires
42:15 Onager
43:00 Loom
43:39 Elite Skirmisher
49:42 Halberdier
seanlin
12:29 Feudal Age
12:41 Feudal Age
17:51 Castle Age
17:02 Double-Bit Axe
26:28 Scale Barding Armor
26:43 Forging
28:22 Chain Barding Armor
28:37 Iron Casting
28:45 Bow Saw
33:32 Husbandry
33:40 Padded Archer Armor
33:33 Fletching
36:21 Imperial Age
37:12 Leather Archer Armor
36:52 Bodkin Arrow
37:38 Plate Barding Armor
38:03 Blast Furnace
38:30 Cavalier
40:18 Chemistry
39:42 Ballistics
40:13 Gold Mining
42:32 Paladin
46:02 Gold Shaft Mining
ianchen0930
11:47 Feudal Age
15:24 Castle Age
13:18 Horse Collar
14:20 Double-Bit Axe
14:49 Loom
14:58 Gold Mining
16:46 Bow Saw
17:56 Town Watch
18:54 Sanctity
22:21 Stone Mining
23:43 Wheelbarrow
24:45 Redemption
32:27 Imperial Age
32:50 Masonry
33:05 Hand Cart
33:44 Heavy Scorpion
34:46 Ballistics
38:56 Siege Engineers
39:30 Town Patrol
40:52 Fletching
只会种田别打我
3:27 Loom
10:36 Feudal Age
15:05 Castle Age
13:19 Double-Bit Axe
16:27 Bow Saw
20:32 Stone Mining
23:59 Wheelbarrow
23:53 Horse Collar
24:24 Scale Mail Armor
24:28 Padded Archer Armor
24:53 Heavy Plow
25:13 Forging
25:12 Scale Barding Armor
26:20 Gambesons
26:35 Squires
27:11 Hand Cart
27:11 Gold Mining
27:56 Loom
28:51 Gold Shaft Mining
28:43 Chain Mail Armor
29:03 Iron Casting
29:05 Thumb Ring
30:12 Yasama
33:06 Imperial Age
31:16 Iron Casting
30:56 Chain Mail Armor
30:32 Fletching
31:36 Ballistics
30:57 Treadmill Crane
31:28 Masonry
31:10 Guard Tower
31:41 Pikeman
31:58 Man-at-Arms
34:08 Murder Holes
34:57 Keep
34:08 Arrowslits
35:23 Chemistry
34:58 Bodkin Arrow
36:17 Pikeman
36:22 Elite Skirmisher
37:10 Thumb Ring
37:00 Halberdier
38:03 Conscription
38:08 Imperial Skirmisher
39:31 Long Swordsman
40:59 Elite Samurai
42:20 Hoardings
42:56 Blast Furnace
42:26 Plate Mail Armor
41:57 Bracer
45:31 Crossbowman
46:31 Leather Archer Armor
50:49 Two-Handed Swordsman
51:50 Champion
56:05 Light Cavalry
56:47 Husbandry
56:57 Bloodlines
Black Kite
11:55 Feudal Age
12:28 Horse Collar
13:21 Town Watch
14:42 Wheelbarrow
13:56 Loom
14:47 Wheelbarrow
15:34 Double-Bit Axe
19:26 Castle Age
17:33 Gold Mining
21:13 Town Patrol
23:38 Bow Saw
25:52 Gold Shaft Mining
28:36 Heavy Plow
29:21 Scale Mail Armor
28:51 Pikeman
31:26 Hand Cart
35:15 Imperial Age
33:34 Arson
34:56 Forging
35:02 Chain Mail Armor
35:24 Ballistics
35:28 Capped Ram
35:29 Heavy Scorpion
36:53 Conscription
37:34 Halberdier
38:55 Furor Celtica
38:41 Stone Mining
40:07 Plate Mail Armor
40:12 Iron Casting
40:12 Siege Ram
42:00 Stone Shaft Mining
41:39 Onager
46:48 Chemistry
46:04 Siege Engineers
50:02 Blast Furnace
48:30 Elite Woad Raider
49:42 Fletching
52:40 Stronghold
53:05 Bodkin Arrow
agnak3
10:46 Feudal Age
14:53 Castle Age
12:42 Double-Bit Axe
13:36 Horse Collar
17:27 Loom
18:40 Heavy Plow
19:52 Wheelbarrow
19:07 Town Watch
25:52 Hand Cart
25:49 Bow Saw
29:27 Imperial Age
29:41 Imperial Age
29:10 Gold Mining
29:12 Stone Mining
30:06 Bloodlines
29:56 Husbandry
30:30 Scale Barding Armor
30:41 Heavy Camel Rider
31:59 Chain Barding Armor
31:43 Murder Holes
32:09 Town Patrol
32:43 Crop Rotation
32:50 Gold Shaft Mining
32:51 Stone Shaft Mining
33:05 Kshatriyas
33:21 Conscription
34:57 Plate Barding Armor
34:36 Forging
34:18 Fletching
36:56 Iron Casting
36:20 Bodkin Arrow
36:28 Padded Archer Armor
37:30 Chemistry
36:51 Ballistics
36:28 Elite Elephant Archer
38:32 Bracer
38:48 Leather Archer Armor
38:56 Frontier Guards
39:13 Hoardings
40:30 Masonry
40:01 Treadmill Crane
44:39 Elite Chakram Thrower
44:51 Sappers
46:28 Scale Mail Armor
47:16 Architecture
47:34 Elite Shrivamsha Rider
48:45 Light Cavalry
52:25 Hussar
55:18 Caravan
56:51 Chain Mail Armor
kll20002003
10:12 Feudal Age
14:03 Castle Age
11:59 Double-Bit Axe
14:59 Bow Saw
23:37 Scale Barding Armor
23:57 Loom
24:49 Wheelbarrow
24:03 Light Cavalry
29:39 Chain Barding Armor
29:41 Husbandry
29:52 Forging
34:00 Imperial Age
32:15 Fletching
34:03 Iron Casting
36:52 Blast Furnace
37:44 Hand Cart
38:23 Cavalier
41:47 Plate Barding Armor
47:43 Conscription
48:22 Elite Throwing Axeman
48:23 Ordonnance Companies
52:12 Chemistry
50:53 Treadmill Crane
51:24 Masonry
53:51 Fletching
54:02 Padded Archer Armor
57:34 Scale Mail Armor
58:05 Caravan
58:17 Chivalry
粮草征收人
1:11 Loom
12:03 Feudal Age
13:20 Double-Bit Axe
13:17 Horse Collar
18:10 Castle Age
16:36 Gold Mining
16:44 Stone Mining
25:45 Pikeman
25:51 Elite Skirmisher
31:47 Imperial Age
29:31 Heavy Plow
29:49 Bow Saw
30:39 Squires
32:55 Conscription
32:38 Perfusion
32:48 Scale Mail Armor
33:00 Forging
32:20 Halberdier
33:50 Chain Mail Armor
33:13 Man-at-Arms
35:23 Two-Man Saw
34:56 Crop Rotation
35:34 Iron Casting
36:12 Long Swordsman
38:51 Wheelbarrow
38:36 Caravan
38:05 Two-Handed Swordsman
39:20 Fletching
39:31 Padded Archer Armor
41:06 Blast Furnace
41:08 Anarchy
42:16 Bodkin Arrow
42:36 Leather Archer Armor
42:23 Champion
43:34 Bracer
45:27 Elite Huskarl
47:49 Ballistics
48:29 Chemistry
50:11 Ring Archer Armor
50:05 Hand Cart
Connection lost

Rejoining the realm…

Still unreachable

The connection could not be restored.

Session expired

The server has moved on; the page needs a fresh start.